| TOP OF THE 1ST |
|
Rocky Mount Leafs batting - Pitching for Salem Rebels : RHP John Hessler
|
|
Pitching: RHP John Hessler
|
|
|
Batting: LHB Ronald Naclerio
|
0-0: Foul Ball, location: 2F 0-1: Foul Ball, location: 2F 0-2: Ball 1-2: Strikes out swinging, 2-3 out at first.
|
|
Batting: RHB James Camacho
|
0-0: Called Strike 0-1: Foul Ball, location: 2F 0-2: Foul Ball, location: 2F 0-2: Ball 1-2: Ball 2-2: Ball 3-2: Foul Ball, location: 2F 3-2: Fly out, F7 (Flyball, 7S, EV 85.6 MPH)
|
|
Batting: LHB Oscar Ramirez
|
0-0: Ball 1-0: Called Strike 1-1: Ball 2-1: Ball 3-1: Base on Balls
|
|
Batting: RHB Glen Bockhorn
|
0-0: Called Strike 0-1: Ball 1-1: Foul Ball, location: 2F 1-2: Ball 2-2: Foul Ball, location: 2F 2-2: DOUBLE (Flyball, 8LXD, EV 96.9 MPH) Oscar Ramirez to third Oscar Ramirez scores
|
|
Batting: SHB Keith Spreckels
|
0-0: Ball 1-0: Called Strike 1-1: Ball 2-1: Called Strike 2-2: Foul Ball, location: 2F 2-2: Ball 3-2: Base on Balls
|
|
Batting: RHB Kevin McGann
|
0-0: Ball 1-0: Ball 2-0: Ball 3-0: Base on Balls Glen Bockhorn to third Keith Spreckels to second
|
|
Batting: RHB Brian Poldberg
|
0-0: Ball 1-0: Ball 2-0: Ball 3-0: Called Strike 3-1: Base on Balls Glen Bockhorn scores Keith Spreckels to third Kevin McGann to second
|
|
Batting: RHB Sergio Loya
|
0-0: Foul Ball, location: 2F 0-1: Called Strike 0-2: Ball 1-2: Ball 2-2: Fielders Choice at 2nd, 6-4 (Groundball, 6, EV 78.1 MPH)
|
| Top of the 1st over - 2 runs, 1 hit, 0 errors, 3 left on base; Rocky Mount 2 - Salem 0 |
| BOTTOM OF THE 1ST |
|
Salem Rebels batting - Pitching for Rocky Mount Leafs : RHP Don Heinkel
|
|
Pitching: RHP Don Heinkel
|
|
|
Batting: LHB John Gibbons
|
0-0: Fly out, F9 (Flyball, 89D, EV 97.5 MPH)
|
|
Batting: RHB Daniel Szajko
|
0-0: Called Strike 0-1: Ball 1-1: Foul Ball, location: 2F 1-2: Ball 2-2: Ball 3-2: SINGLE (Line Drive, 9S, EV 99.4 MPH)
|
|
Batting: LHB Thomas Krupa
|
0-0: Ball 1-0: Swinging Strike 1-1: Ball 2-1: Grounds into double play, 6-4-3 (Groundball, 6S, EV 86.9 MPH)
|
| Bottom of the 1st over - 0 runs, 1 hit, 0 errors, 0 left on base; Rocky Mount 2 - Salem 0 |
| TOP OF THE 2ND |
|
Rocky Mount Leafs batting - Pitching for Salem Rebels : RHP John Hessler
|
|
Batting: RHB Todd Cruz
|
0-0: Ball 1-0: Ball 2-0: Foul Ball, location: 2F 2-1: Foul Ball, location: 2F 2-2: Ball 3-2: Base on Balls
|
|
Batting: LHB Ronald Naclerio
|
0-0: Ball Wild Pitch! Todd Cruz to second 1-0: Called Strike 1-1: Swinging Strike 1-2: Foul Ball, location: 2F 1-2: Ball 2-2: Strikes out looking
|
|
Batting: RHB James Camacho
|
0-0: Swinging Strike 0-1: Foul Ball, location: 2F 0-2: Ball 1-2: Foul Ball, location: 2F 1-2: Ball 2-2: Fly out, F4 (Popup, 4MD, EV 66.3 MPH)
|
|
Batting: LHB Oscar Ramirez
|
0-0: Called Strike 0-1: Ball 1-1: Ball 2-1: Ball 3-1: Swinging Strike 3-2: Foul Ball, location: 2F 3-2: Foul Ball, location: 2F 3-2: Foul Ball, location: 2F 3-2: Base on Balls
|
|
Batting: RHB Glen Bockhorn
|
0-0: Ball 1-0: Ball 2-0: Ball 3-0: Called Strike 3-1: Called Strike 3-2: Fly out, F7 (Line Drive, 7D, EV 100.0 MPH)
|
| Top of the 2nd over - 0 runs, 0 hits, 0 errors, 2 left on base; Rocky Mount 2 - Salem 0 |
| BOTTOM OF THE 2ND |
|
Salem Rebels batting - Pitching for Rocky Mount Leafs : RHP Don Heinkel
|
|
Batting: RHB Jorge Monroig
|
0-0: SINGLE (Groundball, 4MD, EV 95.0 MPH)
|
|
Batting: RHB Dennis Cleveland
|
0-0: SINGLE (Groundball, P, EV 82.5 MPH) (infield hit) Jorge Monroig to second
|
|
Batting: RHB Robert O'Connor
|
0-0: Ball 1-0: Ball 2-0: SINGLE (Flyball, 3D, EV 86.9 MPH) Jorge Monroig to third Dennis Cleveland to second
|
|
Batting: SHB Kelvin Hudson
|
0-0: Fly out, F8 (Flyball, 78D, EV 103.8 MPH) Runner from 3rd tags up, OUT at HOME! 8-2 Dennis Cleveland to third Robert O'Connor to second
|
|
Batting: RHB Melvin Williams
|
0-0: Ball 1-0: Swinging Strike 1-1: Ball 2-1: Fly out, F8 (Flyball, 89M, EV 95.0 MPH)
|
| Bottom of the 2nd over - 0 runs, 3 hits, 0 errors, 2 left on base; Rocky Mount 2 - Salem 0 |
| TOP OF THE 3RD |
|
Rocky Mount Leafs batting - Pitching for Salem Rebels : RHP John Hessler
|
|
Batting: SHB Keith Spreckels
|
0-0: DOUBLE (Flyball, 8LXD, EV 97.5 MPH)
|
|
Batting: RHB Kevin McGann
|
0-0: Ball 1-0: Ball 2-0: Ball 3-0: Base on Balls
|
|
Batting: RHB Brian Poldberg
|
0-0: Ball 1-0: Called Strike 1-1: 3-RUN HOME RUN (Flyball, 7LD, EV 104.4 MPH), Distance : 357 ft
|
|
Batting: RHB Sergio Loya
|
0-0: Ball 1-0: Ball 2-0: Ball 3-0: Called Strike 3-1: Called Strike 3-2: SINGLE (Flyball, 78S, EV 83.8 MPH)
|
|
Batting: RHB Todd Cruz
|
0-0: Called Strike 0-1: Foul Ball, location: 2F 0-2: Ball 1-2: Ball 2-2: Foul Ball, location: 2F 2-2: Strikes out swinging
|
|
Batting: LHB Ronald Naclerio
|
0-0: Ball 1-0: Grounds into double play, 4-6-3 (Groundball, 4, EV 85.0 MPH)
|
| Top of the 3rd over - 3 runs, 3 hits, 0 errors, 0 left on base; Rocky Mount 5 - Salem 0 |
| BOTTOM OF THE 3RD |
|
Salem Rebels batting - Pitching for Rocky Mount Leafs : RHP Don Heinkel
|
|
Batting: RHB Mark Krynitsky
|
0-0: Called Strike 0-1: Called Strike 0-2: Ball 1-2: Ground out 4-3 (Groundball, 4MS, EV 73.1 MPH)
|
|
Batting: LHB John Gibbons
|
0-0: Called Strike 0-1: Fly out, F7 (Flyball, 7S, EV 84.4 MPH)
|
|
Batting: RHB Daniel Szajko
|
0-0: Ball 1-0: Swinging Strike 1-1: Ball 2-1: Ball 3-1: Swinging Strike 3-2: Base on Balls
|
|
Batting: LHB Thomas Krupa
|
0-0: Ball 1-0: Called Strike 1-1: Fly out, F8 (Flyball, 8LS, EV 80.6 MPH)
|
| Bottom of the 3rd over - 0 runs, 0 hits, 0 errors, 1 left on base; Rocky Mount 5 - Salem 0 |
| TOP OF THE 4TH |
|
Rocky Mount Leafs batting - Pitching for Salem Rebels : RHP John Hessler
|
|
Batting: RHB James Camacho
|
0-0: Fly out, F7 (Flyball, 78D, EV 105.0 MPH)
|
|
Batting: LHB Oscar Ramirez
|
0-0: Called Strike 0-1: Foul Ball, location: 2F 0-2: Ball 1-2: Ground out 4-3 (Groundball, 4, EV 91.3 MPH)
|
|
Batting: RHB Glen Bockhorn
|
0-0: Fly out, F9 (Flyball, 9S, EV 86.9 MPH)
|
| Top of the 4th over - 0 runs, 0 hits, 0 errors, 0 left on base; Rocky Mount 5 - Salem 0 |
| BOTTOM OF THE 4TH |
|
Salem Rebels batting - Pitching for Rocky Mount Leafs : RHP Don Heinkel
|
|
Batting: RHB Jorge Monroig
|
0-0: Foul Ball, location: 2F 0-1: TRIPLE (Flyball, 89XD, EV 95.0 MPH)
|
|
Batting: RHB Dennis Cleveland
|
0-0: Ball 1-0: Called Strike 1-1: Ground out U3 (Groundball, 34, EV 95.0 MPH) Jorge Monroig scores
|
|
Batting: RHB Robert O'Connor
|
0-0: Called Strike 0-1: Swinging Strike 0-2: Fly out, F9 (Flyball, 89S, EV 74.4 MPH)
|
|
Batting: SHB Kelvin Hudson
|
0-0: Foul Ball, location: 2F 0-1: Swinging Strike 0-2: Foul Ball, location: 2F 0-2: Ball 1-2: Fly out, F9 (Flyball, 89M, EV 90.0 MPH)
|
| Bottom of the 4th over - 1 run, 1 hit, 0 errors, 0 left on base; Rocky Mount 5 - Salem 1 |
| TOP OF THE 5TH |
|
Rocky Mount Leafs batting - Pitching for Salem Rebels : RHP John Hessler
|
|
Batting: SHB Keith Spreckels
|
0-0: Called Strike 0-1: Swinging Strike 0-2: Ball 1-2: Ground out 6-3 (Groundball, 56, EV 83.1 MPH)
|
|
Batting: RHB Kevin McGann
|
0-0: Ball 1-0: Ball 2-0: Ground out 6-3 (Groundball, 6S, EV 93.1 MPH)
|
|
Batting: RHB Brian Poldberg
|
0-0: Ball 1-0: Ball 2-0: Fly out, F7 (Flyball, 78XD, EV 104.4 MPH)
|
| Top of the 5th over - 0 runs, 0 hits, 0 errors, 0 left on base; Rocky Mount 5 - Salem 1 |
| BOTTOM OF THE 5TH |
|
Salem Rebels batting - Pitching for Rocky Mount Leafs : RHP Don Heinkel
|
|
Batting: RHB Melvin Williams
|
0-0: Foul Ball, location: 2F 0-1: Fly out, F8 (Flyball, 8RXD, EV 73.1 MPH)
|
|
Batting: RHB Mark Krynitsky
|
0-0: Called Strike 0-1: Foul Ball, location: 2F 0-2: Ball 1-2: Ground out 6-3 (Groundball, 6M, EV 84.4 MPH)
|
|
Batting: LHB John Gibbons
|
0-0: Ball 1-0: Called Strike 1-1: Ground out 4-3 (Groundball, 4S, EV 63.8 MPH)
|
| Bottom of the 5th over - 0 runs, 0 hits, 0 errors, 0 left on base; Rocky Mount 5 - Salem 1 |
| TOP OF THE 6TH |
|
Rocky Mount Leafs batting - Pitching for Salem Rebels : RHP John Hessler
|
|
Batting: RHB Sergio Loya
|
0-0: Ground out U3 (Groundball, 34, EV 98.8 MPH)
|
|
Batting: RHB Todd Cruz
|
0-0: Ball 1-0: Swinging Strike 1-1: Ball 2-1: Fly out, F4 (Line Drive, 4, EV 67.5 MPH)
|
|
Batting: LHB Ronald Naclerio
|
0-0: Ball 1-0: Ball 2-0: Ball 3-0: Base on Balls
|
|
Batting: RHB James Camacho
|
0-0: Fielders Choice at 2nd, 6-4 (Groundball, 6, EV 95.0 MPH)
|
| Top of the 6th over - 0 runs, 0 hits, 0 errors, 1 left on base; Rocky Mount 5 - Salem 1 |
| BOTTOM OF THE 6TH |
|
Salem Rebels batting - Pitching for Rocky Mount Leafs : RHP Don Heinkel
|
|
Batting: RHB Daniel Szajko
|
0-0: Ball 1-0: Ball 2-0: Ball 3-0: Base on Balls
|
|
Batting: LHB Thomas Krupa
|
0-0: Fly out, F9 (Flyball, 9LM, EV 85.6 MPH)
|
|
Batting: RHB Jorge Monroig
|
0-0: Ball 1-0: Ball Wild Pitch! Daniel Szajko to second 2-0: Called Strike 2-1: Ball 3-1: Swinging Strike 3-2: Base on Balls
|
|
Batting: RHB Dennis Cleveland
|
0-0: Fly out, F9 (Flyball, 89M, EV 82.5 MPH)
|
|
Batting: RHB Robert O'Connor
|
0-0: Called Strike 0-1: Ball 1-1: Fly out, F5 (Line Drive, 5, EV 76.3 MPH)
|
| Bottom of the 6th over - 0 runs, 0 hits, 0 errors, 2 left on base; Rocky Mount 5 - Salem 1 |
| TOP OF THE 7TH |
|
Rocky Mount Leafs batting - Pitching for Salem Rebels : RHP John Hessler
|
|
Batting: LHB Oscar Ramirez
|
0-0: Called Strike 0-1: Foul Ball, location: 2F 0-2: Ball 1-2: Ball 2-2: Fly out, F3 (Popup, 3, EV 60.6 MPH)
|
|
Batting: RHB Glen Bockhorn
|
0-0: Foul Ball, location: 2F 0-1: Ball 1-1: Called Strike 1-2: Strikes out looking
|
|
Batting: SHB Keith Spreckels
|
0-0: Ball 1-0: Called Strike 1-1: Foul Ball, location: 2F 1-2: Fly out, F4 (Popup, 4, EV 70.6 MPH)
|
| Top of the 7th over - 0 runs, 0 hits, 0 errors, 0 left on base; Rocky Mount 5 - Salem 1 |
| BOTTOM OF THE 7TH |
|
Salem Rebels batting - Pitching for Rocky Mount Leafs : RHP Don Heinkel
|
|
Batting: SHB Kelvin Hudson
|
0-0: Called Strike 0-1: Fly out, F5 (Flyball, 5D, EV 91.9 MPH)
|
|
Batting: RHB Melvin Williams
|
0-0: Called Strike 0-1: Foul Ball, location: 2F 0-2: Fly out, F9 (Flyball, 9, EV 75.0 MPH)
|
|
Batting: RHB Mark Krynitsky
|
0-0: Called Strike 0-1: Called Strike 0-2: Ball 1-2: Strikes out looking
|
| Bottom of the 7th over - 0 runs, 0 hits, 0 errors, 0 left on base; Rocky Mount 5 - Salem 1 |
| TOP OF THE 8TH |
|
Rocky Mount Leafs batting - Pitching for Salem Rebels : RHP John Hessler
|
|
Batting: RHB Kevin McGann
|
0-0: Called Strike 0-1: Called Strike 0-2: Ball 1-2: Ball 2-2: Foul Ball, location: 2F 2-2: SINGLE (Groundball, 5S, EV 73.1 MPH) (infield hit)
|
|
Batting: RHB Brian Poldberg
|
0-0: Called Strike 0-1: Fly out, F7 (Flyball, 7S, EV 92.5 MPH)
|
|
Batting: RHB Sergio Loya
|
0-0: Ball 1-0: Foul Ball, location: 2F 1-1: Foul Ball, location: 2F 1-2: Foul Ball, location: 2F 1-2: Reached on error, E6 (Groundball, 6, EV 83.8 MPH) Kevin McGann to second
|
|
Pitching: LHP Wilberto Rohena
|
|
|
Batting: RHB Todd Cruz
|
0-0: Ball 1-0: Foul Ball, location: 2F 1-1: Called Strike 1-2: Ball 2-2: Foul Ball, location: 2F 2-2: Ball 3-2: Strikes out looking
|
|
Batting: LHB Ronald Naclerio
|
0-0: SINGLE (Groundball, 34D, EV 105.0 MPH) Kevin McGann to third Sergio Loya to second Runner from 3rd tries for Home, SAFE, throw by RF to home
|
|
Batting: RHB James Camacho
|
0-0: Called Strike 0-1: Ball 1-1: Ball 2-1: Ball 3-1: Called Strike 3-2: Base on Balls Sergio Loya to third Ronald Naclerio to second
|
|
Batting: LHB Oscar Ramirez
|
0-0: Ball 1-0: Swinging Strike 1-1: Ball 2-1: Ball 3-1: Base on Balls Sergio Loya scores Ronald Naclerio to third James Camacho to second
|
|
Batting: RHB Glen Bockhorn
|
0-0: Ball 1-0: Ball 2-0: Ball 3-0: Called Strike 3-1: Foul Ball, location: 2F 3-2: Foul Ball, location: 2F 3-2: Foul Ball, location: 2F 3-2: Base on Balls Ronald Naclerio scores James Camacho to third Oscar Ramirez to second
|
|
Batting: SHB Keith Spreckels
|
0-0: Ball 1-0: Foul Ball, location: 2F 1-1: Foul Ball, location: 2F 1-2: SINGLE (Groundball, 3S, EV 71.9 MPH) (infield hit) James Camacho scores Oscar Ramirez to third Glen Bockhorn to second
|
|
Pitching: RHP Carlos Montijo
|
|
|
Batting: RHB Kevin McGann
|
0-0: Ball 1-0: Ball 2-0: Called Strike 2-1: Foul Ball, location: 2F 2-2: Ball 3-2: Ground out 6-3 (Groundball, 6, EV 82.5 MPH)
|
| Top of the 8th over - 4 runs, 3 hits, 1 error, 3 left on base; Rocky Mount 9 - Salem 1 |
| BOTTOM OF THE 8TH |
|
Salem Rebels batting - Pitching for Rocky Mount Leafs : RHP Don Heinkel
|
|
Batting: LHB John Gibbons
|
0-0: Ball 1-0: Called Strike 1-1: Called Strike 1-2: Ball 2-2: Ground out 4-3 (Groundball, 4, EV 80.0 MPH)
|
|
Batting: RHB Daniel Szajko
|
0-0: SINGLE (Groundball, 13S, EV 73.8 MPH) (infield hit)
|
|
Pinch Hitting: RHB John Schaive
|
0-0: Ball 1-0: Ball 2-0: Called Strike 2-1: Ball 3-1: Fly out, F5 (Flyball, 5D, EV 91.3 MPH)
|
|
Batting: RHB Jorge Monroig
|
0-0: Ball 1-0: Ball 2-0: Called Strike 2-1: Called Strike 2-2: Fly out, F6 (Line Drive, 6, EV 71.9 MPH)
|
| Bottom of the 8th over - 0 runs, 1 hit, 0 errors, 1 left on base; Rocky Mount 9 - Salem 1 |
| TOP OF THE 9TH |
|
Rocky Mount Leafs batting - Pitching for Salem Rebels : RHP Carlos Montijo
|
|
Pitching: RHP Timothy Justus
|
|
|
Now at 1B: John Schaive
|
|
|
Batting: RHB Brian Poldberg
|
0-0: Called Strike 0-1: Foul Ball, location: 2F 0-2: Ball 1-2: Ball 2-2: Ball 3-2: SINGLE (Line Drive, 3L, EV 104.4 MPH)
|
|
Batting: RHB Sergio Loya
|
Pickoff Throw to First - Out! 1-3 0-0: Ball 1-0: Ball 2-0: Foul Ball, location: 2F 2-1: Ground out 6-3 (Groundball, 6M, EV 80.0 MPH)
|
|
Batting: RHB Todd Cruz
|
0-0: Called Strike 0-1: Ball 1-1: Ball 2-1: Fly out, F9 (Flyball, 9D, EV 89.4 MPH)
|
| Top of the 9th over - 0 runs, 1 hit, 0 errors, 0 left on base; Rocky Mount 9 - Salem 1 |
| BOTTOM OF THE 9TH |
|
Salem Rebels batting - Pitching for Rocky Mount Leafs : RHP Don Heinkel
|
|
Batting: RHB Dennis Cleveland
|
0-0: Foul Ball, location: 2F 0-1: Swinging Strike 0-2: Ball 1-2: Ground out 5-3 (Groundball, 15, EV 88.8 MPH)
|
|
Batting: RHB Robert O'Connor
|
0-0: Swinging Strike 0-1: Ball 1-1: Fly out, F3 (Popup, 23F, EV 88.1 MPH)
|
|
Batting: SHB Kelvin Hudson
|
0-0: Ball 1-0: Ball 2-0: Fly out, F2 (Popup, 2L, EV 95.0 MPH)
|
| Bottom of the 9th over - 0 runs, 0 hits, 0 errors, 0 left on base; Rocky Mount 9 - Salem 1 |
|